 Dungeon Crawl Stone Soup version 0.24-a0-434-gd57e52fea8 (webtiles) character file.

Game seed: 3042672352809243646

221 KristoblXynda the Charlatan (level 5, -7/26 HPs)
             Began as a Spriggan Artificer on June 15, 2019.
             Killed from afar by an orc wizard (11 damage)
             ... with a puff of frost
             ... on level 4 of the Dungeon.
             The game lasted 00:06:10 (4816 turns).

KristoblXynda the Charlatan (Spriggan Artificer)    Turns: 4816, Time: 00:06:11

Health: -7/26      AC:  2    Str:  8    XL:     5   Next: 65%
Magic:  9/9        EV: 20    Int: 14    God:
Gold:   151        SH:  0    Dex: 16    Spells: 4/4 levels left

rFire    . . .     SeeInvis +   a - +0 short sword
rCold    . . .     Gourm    .   (shield restricted)
rNeg     . . .     Faith    .   b - +0 robe
rPois    .         Spirit   .   (helmet restricted)
rElec    .         Reflect  .   (no cloak)
rCorr    .         Harm     .   (gloves unavailable)
MR       .....                  (boots unavailable)
Stlth    +++.......             z - amulet of magic regeneration
HPRegen  0.08/turn              (no ring)
MPRegen  0.36/turn              (no ring)

@: very quick
A: very small, unfitting armour, see invisible, herbivore, speed 3, slow
metabolism 2
a: no special abilities


You were on level 4 of the Dungeon.
You were not hungry.

You visited 1 branch of the dungeon, and saw 4 of its levels.

You collected 151 gold pieces.

Inventory:

Hand Weapons
 a - a +0 short sword (weapon)
Missiles
 x - 4 poisoned darts (quivered)
Armour
 b - a +0 robe (worn)
Jewellery
 z - an amulet of magic regeneration (around neck)
Wands
 c - a wand of flame (11)
 d - a wand of enslavement (15)
 e - a wand of random effects (12)
Scrolls
 g - a scroll of noise {unknown}
 j - a scroll of blinking {unknown}
 m - a scroll of remove curse
 n - 2 scrolls of enchant weapon {unknown}
 o - a scroll of immolation {unknown}
 p - a scroll of magic mapping {unknown}
 r - a scroll of fear {unknown}
 s - a scroll of identify
 w - a scroll of teleportation {unknown}
 y - a scroll of enchant armour {unknown}
Potions
 h - 2 potions of brilliance
 i - 2 potions of might
 k - a potion of heal wounds
 l - a potion of haste
 q - a potion of invisibility {unknown}
 u - a potion of berserk rage {unknown}
 v - a potion of agility
Comestibles
 f - 7 rations


   Skills:
 - Level 2.0 Fighting
 + Level 2.8 Short Blades
 + Level 0.5 Throwing
 + Level 4.6 Dodging
 + Level 4.1 Stealth
 + Level 5.1 Evocations


You had 4 spell levels left.
You didn't know any spells.
Your spell library was empty.

Dungeon Overview and Level Annotations

Branches:
Dungeon (4/15)
 Temple: D:4-7

Altars:
Yredelemnul

Shops:
D:4 %


Innate Abilities, Weirdness & Mutations

You are very small and have problems with some larger weapons.
You are too small for most types of armour.
You have supernaturally acute eyesight. (SInv)
You are a herbivore.
You cover ground extremely quickly.
You need to consume almost no food.


Message History

The orc wizard casts a spell at you. The puff of flame hits you!
You hit the orc wizard but do no damage.
The orc wizard is heavily wounded.
The orc wizard misses you. The orc wizard completely misses you.
You barely miss the orc wizard.
The orc wizard is heavily wounded.
The orc wizard closely misses you.
You hit the orc wizard.
The orc wizard is severely wounded.
The orc wizard completely misses you. x2
You hit the orc wizard but do no damage.
The orc wizard is severely wounded.
The orc wizard hits you with a +0 dagger.
* * * LOW HITPOINT WARNING * * *
You miss the orc wizard.
The orc wizard is severely wounded.
The orc wizard points at you and mumbles some strange words.
The puff of frost hits you!
You die...

#########......##########.###.#
#.........).................#.#
#.#######........########.#.#.#
###.#### ##......## #.....#
.......# ##.##.## ###.###
.##.##..# ####.# #.# .##.# ..#
#.# #######.### .##.# +# ##+##
#.........# .##.. ##.@.##
#.###...#.# .#### ##.†o..##
#.###.###.# .#
##.......###.##..# #.# .###
#.........##.#...###.# ....
#.........'..........# ####
#.........###....###.#
##.......## #.#...##.#
##....†## #.#...# ##...##
#.#...#


You could see an orc wizard.

Vanquished Creatures
  Terence (D:3)
  2 worker ants
  A gnoll (D:1)
  5 adders
  An ooze (D:1)
  2 adder skeletons (D:4)
  4 worms
  3 dart slugs (D:1)
  3 leopard geckos
  3 orcs (D:4)
  A ball python (D:2)
  2 giant cockroaches
  3 goblins
  7 hobgoblins
  4 jackals
  9 kobolds
  A quokka (D:3)
  7 bats
  4 frilled lizards
  A jackal skeleton (D:4)
  6 rats
70 creatures vanquished.

Notes
Turn   | Place    | Note
-------+----------+-------------------------------------------
     0 | D:1      | KristoblXynda the Spriggan Artificer began the quest for
                  | the Orb.
     0 | D:1      | Reached XP level 1. HP: 9/9 MP: 4/4
     2 | D:1      | Noticed a felid
     4 | D:1      | Noticed a vine stalker
     4 | D:1      | Noticed a demigod
     6 | D:1      | Noticed a spriggan
     6 | D:1      | Noticed a minotaur
     8 | D:1      | Noticed a troll
    10 | D:1      | Noticed a vampire
    10 | D:1      | Noticed a merfolk
    12 | D:1      | Noticed a human
    14 | D:1      | Noticed a halfling
    16 | D:1      | Noticed a demonspawn
    16 | D:1      | Noticed an octopode
    26 | D:1      | Noticed an ogre
    26 | D:1      | Noticed a dwarf
    28 | D:1      | Noticed a naga
    28 | D:1      | Noticed a centaur
    30 | D:1      | Noticed a formicid
    30 | D:1      | Noticed an elf
    34 | D:1      | Noticed a tengu
    34 | D:1      | Noticed a ghoul
    36 | D:1      | Noticed a draconian
    36 | D:1      | Noticed a gargoyle
   225 | D:1      | Reached skill level 1 in Fighting
   225 | D:1      | Reached XP level 2. HP: 14/14 MP: 6/6
   819 | D:1      | Reached XP level 3. HP: 18/18 MP: 7/7
  1644 | D:2      | Reached XP level 4. HP: 19/22 MP: 8/8
  2997 | D:3      | Noticed Terence
  3022 | D:3      | Killed Terence
  3022 | D:3      | Reached XP level 5. HP: 21/26 MP: 9/9
  3177 | D:3      | Reached skill level 5 in Evocations
  3601 | D:3      | Found a basalt altar of Yredelemnul.
  4354 | D:4      | Found Edumuv's Food Shoppe.
  4804 | D:4      | HP: 1/26 [orc wizard/puff of flame (9)]
  4816 | D:4      | Killed from afar by an orc wizard

Levels and vault maps discovered:
D:1:      kb_arrival_jail, layout_basic
D:2:      layout_basic
D:3:      layout_basic, nicolae_overflow_hidden_temple, uniq_terence
D:4:      layout_loops_corners, kennysheep_little_box, serial_shops, shop,
          corexii_item_surrounded_by_moat, uniq_pikel

Skill      XL: |  1  2  3  4  5 |
---------------+----------------+-----
Fighting       | 1 2 |  2.0
Stealth        | 2 3 4 |  4.1
Short Blades   | 2 |  2.8
Dodging        | 4 |  4.6
Evocations     | 5 |  5.1
Throwing       | |  0.5

Action                   |  1- 3 |  4- 6 || total
-------------------------+-------+-------++-------
Melee: Short sword       |   127 |   192 ||   319
Throw: Dart              |       |     6 ||     6
Evoke: Wand              |       |     7 ||     7
  Use: Scroll            |     2 |     5 ||     7
       Potion            |       |     1 ||     1
 Stab: Sleeping          |     7 |    13 ||    20
  Eat: Ration            |       |     1 ||     1
Armor: Robe              |    15 |    17 ||    32
Dodge: Dodged            |   112 |   144 ||   256

Table legend:
 A = Non-vault XP
 B = Vault XP
 C = Vault XP percentage of total XP
 D = Non-vault monster count
 E = Vault monster count
 F = Vault count percentage of total count
                 A         B        C        D         E       F
            +---------+---------+-------+---------+---------+-------
      Total |     281 |      36 |  11.4 |      69 |       1 |   1.4
            +---------+---------+-------+---------+---------+-------
        D:1 |      60 |       0 |   0.0 |      19 |       0 |   0.0
        D:2 |     111 |       0 |   0.0 |      21 |       0 |   0.0
        D:3 |      46 |      36 |  43.9 |      18 |       1 |   5.3
        D:4 |      64 |       0 |   0.0 |      11 |       0 |   0.0
            +---------+---------+-------+---------+---------+-------
